 Dungeon Crawl Stone Soup version 0.26.1-11-gd32895ea62 (webtiles) character file.

Game seed: 13923168112683091501

10169 Tirrikindir the Grappler (level 11, -20/111 HPs)
             Began as a Troll Berserker on June 3, 2021.
             Was a High Priest of Trog.
             Demolished by a skeletal warrior
             ... wielding a +0 battleaxe
              (21 damage)
             ... while paralysed by a hornet
             ... on level 11 of the Dungeon.
             The game lasted 00:24:37 (9015 turns).

Tirrikindir the Grappler (Troll Berserker)          Turns: 9015, Time: 00:24:37

Health: -20/111    AC:  7    Str: 28    XL:     11   Next: 32%
Magic:  10/10      EV:  1    Int:  4    God:    Trog [*****.]
Gold:   830        SH:  0    Dex: 10    Spells: 10/10 levels left

rFire    . . .     SeeInvis .     - Unarmed
rCold    . . .     Faith    .   (no shield)
rNeg     . . .     Spirit   .   a - +0 animal skin
rPois    .         Reflect  .   (helmet restricted)
rElec    .         Harm     .   j - +0 cloak
rCorr    .         Rampage  .   (gloves unavailable)
Will     .....                  (boots unavailable)
Stlth    +.........             (no amulet)
HPRegen  0.68/turn              (no ring)
MPRegen  0.12/turn              (no ring)

@: paralysed, lethally poisoned (-20 -> -24), about to teleport, berserk
cooldown, slowed
A: large, unfitting armour, claws 3, regeneration 1, shaggy fur 1, tough skin 3
a: Renounce Religion, Berserk, Trog's Hand, Brothers in Arms


You were on level 11 of the Dungeon.
You worshipped Trog.
Trog was extremely pleased with you.
You visited 2 branches of the dungeon, and saw 12 of its levels.
You also visited: Sewer.

You collected 896 gold pieces.
You spent 66 gold pieces at shops.

Inventory:

Hand Weapons
 v - a +2 dire flail
 w - a +2 vorpal trident
 A - a +2 quarterstaff of flaming
Missiles
 d - 28 poisoned darts (quivered)
 q - 5 large rocks
Armour
 a - a +0 animal skin (worn)
 j - a +0 cloak (worn)
Jewellery
 x - an uncursed ring of ice
Wands
 i - a wand of disintegration (16)
 s - a wand of random effects (61)
 u - a wand of iceblast (4)
 z - a wand of polymorph (8)
Scrolls
 e - a scroll of immolation
 f - 5 scrolls of teleportation
 k - 3 scrolls of fog
 o - 3 scrolls of remove curse
 t - 4 scrolls of enchant weapon
 y - a scroll of magic mapping
Potions
 b - a potion of ambrosia
 c - 4 potions of haste
 g - a potion of flight
 h - 3 potions of heal wounds
 l - 9 potions of curing
 m - a potion of invisibility
 n - a potion of cancellation
 p - 4 potions of lignification
 r - 2 potions of resistance {unknown}


   Skills:
 * Level 8.0 Fighting
 + Level 3.2 Throwing
 - Level 2.0 Armour
 * Level 8.0 Dodging
 * Level 11.2 Unarmed Combat
 + Level 3.0 Evocations


You had 10 spell levels left.
You didn't know any spells.
Your spell library was empty.

Dungeon Overview and Level Annotations

Branches:
Dungeon (11/15)            Temple (1/1) D:7            Lair (0/6) D:10
  Sewer (visited)
    Orc: D:9-12

Altars:
Ashenzari
Cheibriados
Dithmenos
Elyvilon
Fedhas
Gozag
Hepliaklqana
Kikubaaqudgha
Makhleb
Nemelex Xobeh
Okawaru
Qazlal
Ru
Sif Muna
Trog
Uskayaw
Vehumet
Wu Jian
Xom
Yredelemnul
Zin
The Shining One
Beogh

Shops:
D:4 (   D:6 [   D:9 ?


Innate Abilities, Weirdness & Mutations

You are too large for most types of armour.
You have claws for hands.
Your natural rate of healing is unusually fast.
You are covered in fur. (AC +1)
You have extremely tough skin. (AC +3)


Message History

You feel as though you will be slow longer.
The orc knight hits you with a +2 great mace of holy wrath!
* * * LOW HITPOINT WARNING * * *
The hornet barely misses you.
The skeletal warrior closely misses you.
The orc knight closely misses you.
You feel much better.
You feel sick. The hornet stings you!
* * * LOW HITPOINT WARNING * * *
You suddenly lose the ability to move!
The hornet barely misses you.
The skeletal warrior hits you with a +0 battleaxe.
* * * LOW HITPOINT WARNING * * *
The orc knight hits you with a +2 great mace of holy wrath!
* * * LOW HITPOINT WARNING * * *
The hornet stings you but does no damage.
The hornet stings you.
* * * LOW HITPOINT WARNING * * *
You are more poisoned.
You feel as though you will be slow longer.
The skeletal warrior hits you with a +0 battleaxe!!
You die...

.# .. .# .
## ..# #. .
#..#
Z##.##...
BO##...
#y#..#
#@#..#
#zo..#
#F#..#
..Z#..##
..#..##..##
#..
.#..##..#
.. ...#.
##.# . ..#.
# #.# ..# #
#.#


You could see an orc knight, a skeletal warrior, a two-headed ogre, a hornet, a
bullfrog, a worker ant, a worker ant zombie and a centaur zombie.

Vanquished Creatures
  A frost giant (D:9)
  A two-headed ogre (D:9)
  A tengu warrior (D:9)
  Pikel (D:4)
  Maurice (D:8)
  A tengu conjurer (D:9)
  The ghost of Happyhead the Conjurer, an amateur DrCj (D:4)
  A hornet (D:9)
  2 yaks
  2 wyverns
  A wraith (D:9)
  A steam dragon (D:11)
  Eustachio (D:4)
  Menkaure (D:4)
  A sky beast (D:7)
  Purgy (Sewer)
  6 orc warriors
  4 ice beasts
  4 ogres
  A phantom (D:9)
  5 centaurs
  4 bullfrogs
  Blork the orc (D:4)
  3 big kobolds
  4 scorpions
  11 killer bees
  5 wights (D:6)
  9 howler monkeys
  The ghost of Zeld the Insei, a weakling OpTm (D:3)
  A bullfrog zombie (D:5)
  A centaur zombie (D:10)
  A crimson imp (D:5)
  6 orc priests
  A quasit (D:9)
  A bullfrog skeleton (D:5)
  A centaur skeleton (D:6)
  3 hounds
  10 orc wizards
  Jessica (D:3)
  3 iguanas
  7 worker ants
  A hound zombie (D:6)
  A hound skeleton (D:5)
  2 worker ant zombies
  A gnoll (D:3)
  13 adders
  3 white imps
  An ooze (D:2)
  2 adder zombies
  An adder skeleton (D:6)
  4 worms
  5 dart slugs
  3 leopard geckos
  47 orcs
  7 giant cockroaches
  8 goblins
  4 hobgoblins
  11 jackals
  3 quokkas
  A ball python (D:3)
  A ball python zombie (D:5)
  4 bats
  3 frilled lizards
  A giant cockroach zombie (D:5)
  2 goblin zombies (D:5)
  A hobgoblin zombie (D:5)
  A jackal skeleton (D:5)
  25 kobolds
  A leopard gecko skeleton (D:8)
  4 orc skeletons (D:5)
  A quokka zombie (D:5)
  5 rats
279 creatures vanquished.

Vanquished Creatures (others)
  An orc wizard (D:6)
  An orc (D:6)
  28 plants
30 creatures vanquished.

Grand Total: 309 creatures vanquished

Notes
Turn   | Place    | Note
-------+----------+-------------------------------------------
     0 | D:1      | Tirrikindir the Troll Berserker began the quest for the
                  | Orb.
     0 | D:1      | Reached XP level 1. HP: 22/22 MP: 0/0
   169 | D:1      | Reached XP level 2. HP: 28/29 MP: 1/1
   442 | D:2      | Reached ** piety under Trog
   486 | D:2      | Reached XP level 3. HP: 36/36 MP: 2/2
   660 | D:2      | Noticed an air elemental
   662 | D:2      | Found a stormy altar of Qazlal.
   663 | D:2      | Noticed a fire elemental
   663 | D:2      | Noticed a water elemental
   663 | D:2      | Noticed an earth elemental
   754 | D:2      | Reached skill level 4 in Unarmed Combat
  1025 | D:3      | Reached XP level 4. HP: 44/44 MP: 3/3
  1062 | D:3      | Found a large runed translucent door.
  1062 | D:3      | Found a large runed translucent door.
  1088 | D:3      | Noticed Zeld's ghost (weakling OpTm)
  1095 | D:3      | Killed Zeld's ghost
  1253 | D:3      | Noticed Jessica
  1256 | D:3      | Killed Jessica
  1257 | D:3      | Reached XP level 5. HP: 53/53 MP: 4/4
  1341 | D:3      | Reached skill level 5 in Unarmed Combat
  1360 | D:3      | Reached XP level 6. HP: 61/61 MP: 5/5
  1488 | D:3      | Found an iron altar of Okawaru.
  1581 | D:3      | Reached *** piety under Trog
  2248 | D:4      | Noticed Eustachio
  2249 | D:4      | Noticed Pikel
  2263 | D:4      | Killed Pikel
  2264 | D:4      | Reached skill level 7 in Unarmed Combat
  2264 | D:4      | Reached XP level 7. HP: 70/70 MP: 6/6
  2266 | D:4      | Killed Eustachio
  2291 | D:4      | Noticed Menkaure
  2292 | D:4      | Found a runed translucent door.
  2293 | D:4      | Noticed Happyhead's ghost (amateur DrCj)
  2296 | D:4      | Killed Menkaure
  2297 | D:4      | Reached skill level 8 in Unarmed Combat
  2297 | D:4      | Reached XP level 8. HP: 78/78 MP: 7/7
  2308 | D:4      | Killed Happyhead's ghost
  2435 | D:4      | Reached skill level 1 in Armour
  2570 | D:4      | Found Wueqont's Antique Weapon Shoppe.
  2575 | D:4      | Noticed Blork the orc
  2581 | D:4      | Killed Blork the orc
  2814 | D:5      | Entered Level 5 of the Dungeon
  2840 | D:5      | Found a glowing golden altar of the Shining One.
  2899 | D:5      | Found a shadowy altar of Dithmenos.
  3130 | D:5      | Found a shimmering blue altar of Sif Muna.
  3170 | D:5      | Reached skill level 5 in Fighting
  3179 | D:5      | Reached **** piety under Trog
  3280 | D:5      | Reached skill level 5 in Dodging
  3454 | D:5      | Found an ancient bone altar of Kikubaaqudgha.
  3454 | D:5      | Found a shadowy altar of Dithmenos.
  3459 | D:5      | Found an ornate altar of the Wu Jian Council.
  3461 | D:5      | Found a radiant altar of Vehumet.
  3462 | D:5      | Found a hazy altar of Hepliaklqana.
  3592 | D:6      | Found Qetatoul's Antique Armour Shoppe.
  3619 | D:6      | Reached XP level 9. HP: 88/88 MP: 8/8
  3621 | D:6      | Reached skill level 9 in Unarmed Combat
  3735 | D:6      | Found a glowing drain.
  3755 | Sewer    | Entered a sewer
  3810 | Sewer    | Noticed Purgy
  3818 | Sewer    | Killed Purgy
  4025 | D:6      | HP: 1/89 [something/iceblast (18)]
  4252 | D:6      | Reached ***** piety under Trog
  4731 | D:7      | Found a staircase to the Ecumenical Temple.
  4746 | Temple   | Entered the Ecumenical Temple
  5309 | D:7      | Found a shimmering blue altar of Sif Muna.
  5817 | D:8      | Reached skill level 1 in Evocations
  6084 | D:8      | Got a translucent falchion
  6084 | D:8      | Identified the cursed +0 falchion of Saltpetre {vorpal,
                  | rF++ rN+++ Str-4} (You found it on level 8 of the Dungeon)
  6110 | D:8      | Reached skill level 10 in Unarmed Combat
  6605 | D:8      | Reached XP level 10. HP: 96/100 MP: 9/9
  6623 | D:8      | Found a sparkling altar of Nemelex Xobeh.
  6640 | D:8      | Noticed Maurice
  6649 | D:8      | Killed Maurice
  6773 | D:8      | Found a white marble altar of Elyvilon.
  6976 | D:9      | Found Sehail's Magic Scroll Emporium.
  6993 | D:9      | Bought a scroll of identify for 22 gold pieces
  6993 | D:9      | Bought 2 scrolls of identify for 44 gold pieces
  7044 | D:9      | Reached skill level 1 in Throwing
  7110 | D:9      | Noticed a tengu warrior
  7135 | D:9      | Killed a tengu warrior
  7172 | D:9      | Got a shimmering bronze amulet
  7181 | D:9      | Identified the amulet of Exhibitionism {Inacc rF+} (You
                  | found it on level 9 of the Dungeon)
  7332 | D:9      | Noticed a frost giant
  7339 | D:9      | Identified the +5 leather armour of Yshiu {-Cast rF+ rC+
                  | Stlth+}
  7339 | D:9      | Noticed a two-headed ogre
  7344 | D:9      | Killed a frost giant
  7430 | D:9      | Found an opulent altar of Gozag.
  7436 | D:9      | Found a glowing silver altar of Zin.
  7562 | D:9      | Killed a two-headed ogre
  7563 | D:9      | Reached skill level 11 in Unarmed Combat
  7563 | D:9      | Reached XP level 11. HP: 110/110 MP: 10/10
  8180 | D:10     | Entered Level 10 of the Dungeon
  8422 | D:10     | Received a gift from Trog
  8681 | D:10     | Found a staircase to the Lair.
  8743 | D:10     | Found a roughly hewn altar of Beogh.
  8989 | D:11     | Noticed a two-headed ogre
  8992 | D:11     | Noticed an orc knight
  8999 | D:11     | Noticed a skeletal warrior
  9014 | D:11     | Paralysed by a hornet for 2 turns
  9014 | D:11     | HP: 2/111 [orc knight/+2 great mace of holy wrath (17)]
  9015 | D:11     | Demolished by a skeletal warrior

Illustrated notes

Levels and vault maps discovered:
D:1:      amcnicky_arrival_abandoned_market, layout_basic
D:2:      layout_rooms, nicolae_qazlal_style_of_elements
D:3:      layout_loops_corners, ebering_ghost_disaster_area, nrook_mini_vaults,
          okawaru_altar_gauntlet_db, uniq_jessica
D:4:      layout_gridville, gammafunk_ghost_grave, serial_shops, shop,
          grunt_decor_junction, uniq_blork_the_orc, uniq_pikel, uniq_menkaure,
          uniq_eustachio
D:5:      layout_basic, nicolae_tso_besieged_by_evil, lemuel_doored_altar,
          chequers_temple_overflow_minitemple, basic_altar
D:6:      layout_loops_cross, serial_shops, nicolae_shop_overgrown_old_shop,
          cheibrodos_sewer_entry_bend
D:7:      layout_basic, minmay_temple_entry_crystal_x, led_sif_pool
D:8:      layout_loops_corners, nemelex_xobeh_ov_fountains_minmay,
          elyvilon_altar_3, uniq_maurice
D:9:      nzn_winding_woodlands_stair_cross [nzn_winding_woodlands_5x15_pockets,
          nzn_winding_woodlands_center_triple_pond,
          nzn_winding_woodlands_5x15_default, nzn_winding_woodlands_hourglass,
          nzn_winding_woodlands_5x5_three, nzn_winding_woodlands_5x15_twine,
          nzn_winding_woodlands_center_garden,
          nzn_winding_woodlands_5x15_pathside_ponds], layout_long_grid,
          pdpol_temple_overflow_zin_treasury_gozag_greed, serial_shops, shop
D:10:     layout_basic, dpeg_oklobed_lair, special_room [special_room_orc]
D:11:     minmay_the_grid_octo_tiled_octocenter_mashed
          [minmay_the_grid_octo_concentric, minmay_the_grid_octo_thin_diamonds,
          minmay_the_grid_octo_checkerflower, minmay_the_grid_octo_chip,
          minmay_the_grid_octo_prize_star, minmay_the_grid_square_5x5_hourglass,
          minmay_the_grid_square_5x5_two,
          minmay_the_grid_square_5x5_spiral_small,
          minmay_the_grid_square_5x5_slash], layout_loops_ring,
          hiddenorc1_lemuel, serial_shops, kennysheep_mini, roderic_lattice_a
Temple:   zaba_magenta_temple

Skill      XL: |  1  2  3  4  5  6  7  8  9 10 11 |
---------------+----------------------------------+-----
Unarmed Combat | 4 5 7 8 10 11 | 11.2
Dodging        | 3 4 5 6 7 8 |  8.0
Fighting       | 3 4 5 6 7 8 |  8.0
Armour         | 2 |  2.0
Evocations     | 1 2 3 |  3.0
Throwing       | 2 3 |  3.2

Action                   |  1- 3 |  4- 6 |  7- 9 | 10-12 || total
-------------------------+-------+-------+-------+-------++-------
Melee: Unarmed           |    83 |   103 |   367 |   250 ||   803
       Punch             |     1 |     3 |    10 |    13 ||    27
Throw: Dart              |     1 |       |     6 |     7 ||    14
Invok: Berserk           |       |     2 |     4 |     7 ||    13
Evoke: Wand              |       |       |       |     1 ||     1
  Use: Scroll            |     8 |     3 |     7 |     6 ||    24
       Potion            |       |       |     1 |     1 ||     2
Armor: Animal skin       |    30 |    38 |   100 |    58 ||   226
Dodge: Dodged            |    48 |    69 |   152 |   160 ||   429
